 Dungeon Crawl Stone Soup version 0.20-a0-903-g7e3609c (webtiles) character file.

72902 Infinimo the Brawler (level 15, -8/132 HPs)
             Began as a Minotaur Monk on Mar 21, 2017.
             Was the Champion of Makhleb.
             Mangled by a large slime creature (32 damage)
             ... on level 14 of the Dungeon.
             The game lasted 00:49:06 (21759 turns).

Infinimo the Brawler (Minotaur Monk)               Turns: 21759, Time: 00:49:08

Health: -8/132     AC: 11    Str: 18    XL:     15   Next: 2%
Magic:  18/18      EV: 18    Int: 15    God:    Makhleb [******]
Gold:   2076       SH:  0    Dex: 13    Spells: 8/14 levels left

rFire    . . .     SeeInvis .     - Unarmed
rCold    + . .     Gourm    .   B - +2 troll leather armour
rNeg     . . .     Faith    .   (no shield)
rPois    .         Spirit   .   (helmet restricted)
rElec    .         Reflect  .   m - +1 cloak
rCorr    .         Harm     .   (no gloves)
MR       +....                  a - +2 pair of boots {run}
Stlth    ++........             r - amulet of rage
Regen    0.8/turn               P - +4 ring of intelligence
MPRegen  0.2/turn               x - ring of protection from cold

@: exhausted, slowed, very slow
A: retaliatory headbutt, horns 2
a: Minor Destruction, Lesser Servant of Makhleb, Major Destruction, Greater
Servant of Makhleb, Renounce Religion, Evoke Berserk Rage


You were on level 14 of the Dungeon.
You worshipped Makhleb.
Makhleb was exalted by your worship.
You were near starving.

You visited 4 branches of the dungeon, and saw 24 of its levels.
You also visited: Ossuary and Volcano.

You collected 2076 gold pieces.

Inventory:

Armour
 a - a +2 pair of boots of running (worn)
 m - a +1 cloak (worn)
 B - a +2 troll leather armour (worn)
Jewellery
 r - an amulet of rage (around neck)
 x - a ring of protection from cold (left hand)
 G - an uncursed ring of flight
 P - a +4 ring of intelligence (right hand)
 S - a cursed amulet of inaccuracy {unknown}
 U - an uncursed ring of positive energy {unknown}
Wands
 s - a wand of disintegration (24/24)
 M - a wand of iceblast (10/15)
 Q - a wand of iceblast (8/15)
Scrolls
 e - 6 scrolls of recharging
 f - 7 scrolls of amnesia
 h - 7 scrolls of fear
 i - a scroll of magic mapping
 n - 3 scrolls of enchant weapon
 A - 2 scrolls of brand weapon
 D - 2 scrolls of holy word
 H - 3 scrolls of fog
 I - 7 scrolls of teleportation
 K - a scroll of enchant armour
 L - 2 scrolls of remove curse
 R - a scroll of identify
Potions
 d - a potion of ambrosia
 g - 7 potions of flight
 j - 3 potions of curing
 k - 6 potions of brilliance
 p - 2 potions of haste
 u - a potion of berserk rage
 w - 2 potions of might
 z - 5 potions of degeneration
 C - 4 potions of resistance
 E - a potion of magic
 F - a potion of lignification
 J - 3 potions of agility
 O - 4 potions of invisibility
Books
 o - a book of Geomancy

   Spells                             Type                      Level
   a - Sandblast                      Earth                        1
   b - Passwall                       Transmutation/Earth          2
   c - Stone Arrow                    Conjuration/Earth            3
   d - Petrify                        Transmutation/Earth          4
   e - Lee's Rapid Deconstruction     Earth                        5
 t - a book of Callings

   Spells                             Type                      Level
   a - Summon Small Mammal            Summoning                    1
   b - Call Imp                       Summoning                    2
   c - Call Canine Familiar           Summoning                    3
   d - Summon Guardian Golem          Hexes/Summoning              3
   e - Summon Lightning Spire         Summoning/Air                4
   f - Summon Ice Beast               Ice/Summoning                4
 v - a book of Changes

   Spells                             Type                      Level
   a - Beastly Appendage              Transmutation                1
   b - Sticks to Snakes               Transmutation                2
   c - Spider Form                    Transmutation/Poison         3
   d - Ice Form                       Ice/Transmutation            4
   e - Blade Hands                    Transmutation                5
 y - a book of Misfortune

   Spells                             Type                      Level
   a - Confusing Touch                Hexes                        1
   b - Confuse                        Hexes                        3
   c - Gell's Gravitas                Translocation                3
   d - Petrify                        Transmutation/Earth          4
   e - Metabolic Englaciation         Hexes/Ice                    5
   f - Yara's Violent Unravelling     Hexes/Transmutation          5
 N - a book of Necromancy

   Spells                             Type                      Level
   a - Pain                           Necromancy                   1
   b - Animate Skeleton               Necromancy                   1
   c - Vampiric Draining              Necromancy                   3
   d - Regeneration                   Charms/Necromancy            3
   e - Animate Dead                   Necromancy                   4
   f - Control Undead                 Necromancy                   4
Comestibles
 b - 8 bread rations
 c - 18 royal jellies
 l - 39 fruits
 q - 12 meat rations


   Skills:
 - Level 12.0 Fighting
 - Level 10.4 Dodging
 - Level 1.5 Stealth
 - Level 20.0 Unarmed Combat
 + Level 9.3 Transmutations
 - Level 6.4 Evocations


You had 8 spell levels left.
You knew the following spells:

 Your Spells              Type           Power        Failure   Level  Hunger
a - Beastly Appendage     Tmut           ####..       1%          1    ##.....
b - Blade Hands           Tmut           ####......   21%         5    ######.


Dungeon Overview and Level Annotations

Branches:
Dungeon (15/15)            Temple (1/1) D:7            Lair (6/6) D:8
  Swamp (0/4) Lair:3        Snake (0/4) Lair:4        Slime (0/5) Lair:5
    Orc (2/2) D:10            Elf (0/3) Orc:2        Vaults (0/5) D:13
 Depths: D:15

Altars:
Ashenzari
Cheibriados
Dithmenos
Elyvilon
Fedhas
Gozag
Hepliaklqana
Kikubaaqudgha
Makhleb
Nemelex Xobeh
Okawaru
Qazlal
Ru
Sif Muna
Trog
Uskayaw
Vehumet
Wu Jian
Xom
Yredelemnul
Zin
The Shining One

Shops:
Orc:2 ![%}

Annotations:
D:8 exclusion: oklob plant


Innate Abilities, Weirdness & Mutations

You reflexively headbutt those who attack you in melee.
You have a pair of horns on your head.


Message History

The magic dart hits you!
You headbutt something.
A large slime creature splits.
You pummel the very large slime creature!!
The very large slime creature is lightly wounded.
The very large slime creature hits you!!
You furiously retaliate!
You headbutt the slime creature.
The very large slime creature hits you!!!
You pummel the very large slime creature!!
You headbutt the very large slime creature.
The very large slime creature is moderately wounded.
The slime creature hits you! Something barely misses you.
The slime creature hits you.
A very large slime creature splits.
You punch the large slime creature!
The large slime creature is heavily wounded.
The slime creature hits you!
* * * LOW HITPOINT WARNING * * *
The slime creature hits you!
* * * LOW HITPOINT WARNING * * *
The large slime creature hits you!!
You die...

##############
#######..........).#
#.......##o.....##)#
+.......###....###)#
#......o.###..###J.#
#.....{JJ.######...#
#.....J@J..# #.(..#
#.>........# #.....
#######...## ###....
##..## ..###...#
#..## ....###..#
###..##...... #..#
#............
###'######..###
#######†......<.#
...


You could see a large slime creature, 3 slime creatures and an orc.

Vanquished Creatures
  Gastronok (D:8)
  Kirke (Lair:5)
  The ghost of Mulkerokala the Bludgeoner, a journeyman BaCK of Xom (Orc:2)
  A red draconian (Volcano)
  The ghost of Infinimo the Cleaver, a journeyman HOBe of Trog (Lair:3)
  Snorg (Orc:2)
  An ettin (Orc:2)
  2 fire dragons
  Josephine (Lair:5)
  Erolcha (D:9)
  6 hydras
  4 centaur warriors
  2 catoblepae
  Erica (D:11)
  3 two-headed ogres
  A death yak (Lair:6)
  3 orc high priests (Orc:2)
  4 skeletal warriors (D:14)
  2 unseen horrors (D:10)
  A swamp dragon (Lair:6)
  A wizard (D:13)
  A lindwurm (Lair:6)
  5 orc knights
  A necromancer (D:13)
  A deep elf mage (D:13)
  5 orc sorcerers
  A cyclops (D:12)
  3 ugly things
  The ghost of lolicon the Chiller, a novice OpIE (D:5)
  2 torpor snails (Lair:6)
  Joseph (D:7)
  2 black mambas
  Maurice (D:8)
  13 spiny frogs
  3 rime drakes (Lair:6)
  2 yaktaurs (Volcano)
  5 kobold demonologists
  4 komodo dragons
  6 trolls
  A polar bear (Lair:3)
  Prince Ribbit (D:8)
  19 blink frogs
  A hornet (D:9)
  4 slime creatures (D:13)
  9 hippogriffs
  6 dream sheep (Lair:6)
  5 wraiths (Lair:5)
  2 wyverns
  A vampire (D:9)
  A spriggan (shapeshifter) (D:9)
  2 hogs (Lair:5)
  17 yaks
  A hungry ghost (D:7)
  3 basilisks
  Grum (D:7)
  2 steam dragons
  6 vampire mosquitoes
  Edmund (D:5)
  5 wargs
  6 nagas (Lair:4)
  A soldier ant (D:9)
  3 acid dragons
  Duvessa (D:4)
  5 water moccasins
  5 porcupines
  3 swamp drakes (Lair:6)
  24 orc warriors
  2 sky beasts
  A black bear (shapeshifter) (D:13)
  A black bear (D:9)
  4 ice beasts
  An eye of draining (D:10)
  2 phantoms (D:10)
  3 centaurs
  13 ogres
  7 wolves
  A necrophage (D:10)
  10 crocodiles
  Blork the orc (D:5)
  9 big kobolds
  9 bullfrogs
  Dowan (D:4)
  4 scorpions
  12 killer bees
  2 howler monkeys (D:11)
  2 vampire bats (D:7)
  6 crimson imps
  3 electric eels
  2 quasits
  9 jellies
  20 orc priests
  3 centaur zombies
  4 iguanas
  6 bullfrog skeletons
  9 hounds
  20 orc wizards
  Crazy Yiuf (D:4)
  Natasha (thrice) (D:4)
  10 worker ants
  A killer bee zombie (D:8)
  6 big kobold zombies (Ossuary)
  A hound skeleton (D:5)
  A mummy (Ossuary)
  3 worker ant zombies
  6 gnolls
  2 howler monkey skeletons
  16 adders
  5 shadow imps
  19 oozes
  An adder skeleton (D:5)
  2 dart slugs
  5 leopard geckos
  91 orcs
  5 spectral bats (Ossuary)
  9 bats
  2 bat skeletons (D:7)
  3 bat zombies (D:7)
  4 giant cockroaches
  6 gnoll zombies (Ossuary)
  6 goblins
  7 hobgoblins
  11 jackals
  8 quokkas
  A ball python (D:3)
  3 bat simulacra (Ossuary)
  5 frilled lizards
  2 goblin simulacra (Ossuary)
  4 goblin zombies (Ossuary)
  5 hobgoblin zombies (Ossuary)
  2 jackal zombies
  12 kobolds
  A kobold simulacrum (Ossuary)
  3 kobold zombies (Ossuary)
  6 orc zombies (Ossuary)
  A quokka skeleton (D:4)
  13 rats
  2 rat simulacra (Ossuary)
  A spectral goblin (Ossuary)
  3 spectral kobolds (Ossuary)
  3 spectral rats (Ossuary)
700 creatures vanquished.

Vanquished Creatures (others)
  The ghost of emsyzz the Thaumaturge, a journeyman SpEE of Gozag (Volcano)
  A human (Lair:5)
  A swamp drake (Lair:6)
  An orc wizard (Orc:2)
  4 fungi
  A plant (Lair:6)
9 creatures vanquished.

Grand Total: 709 creatures vanquished

Notes
Turn   | Place    | Note
-------+----------+-------------------------------------------
     0 | D:1      | Infinimo the Minotaur Monk began the quest for the Orb.
     0 | D:1      | Reached XP level 1. HP: 19/19 MP: 0/0
   126 | D:1      | Reached XP level 2. HP: 23/26 MP: 1/1
   179 | D:1      | Reached skill level 4 in Unarmed Combat
   385 | D:1      | Reached XP level 3. HP: 29/31 MP: 2/2
  1142 | D:2      | Reached skill level 5 in Unarmed Combat
  1508 | D:2      | Found a bloodstained altar of Trog.
  1508 | D:2      | Found a white marble altar of Elyvilon.
  1555 | D:3      | Reached XP level 4. HP: 39/39 MP: 3/3
  1788 | D:3      | Reached skill level 6 in Unarmed Combat
  2033 | D:3      | Reached XP level 5. HP: 29/45 MP: 4/4
  2667 | D:4      | Noticed Natasha
  2673 | D:4      | Killed Natasha
  2673 | D:4      | Reached skill level 7 in Unarmed Combat
  2883 | D:4      | Noticed Natasha
  2893 | D:4      | Reached XP level 6. HP: 42/51 MP: 5/5
  2895 | D:4      | Killed Natasha
  3023 | D:4      | Noticed Natasha
  3030 | D:4      | Killed Natasha
  3193 | D:4      | Noticed Dowan
  3194 | D:4      | Noticed Duvessa
  3204 | D:4      | Killed Duvessa
  3204 | D:4      | Reached skill level 8 in Unarmed Combat
  3232 | D:4      | Killed Dowan
  3232 | D:4      | Reached XP level 7. HP: 55/57 MP: 6/6
  3537 | D:4      | Reached skill level 9 in Unarmed Combat
  3741 | D:4      | Found a runed door.
  3950 | D:4      | Noticed Crazy Yiuf
  3957 | D:4      | Killed Crazy Yiuf
  4368 | D:5      | Entered Level 5 of the Dungeon
  4405 | D:5      | Reached skill level 10 in Unarmed Combat
  4414 | D:5      | Noticed Edmund
  4430 | D:5      | Killed Edmund
  4609 | D:5      | Reached XP level 8. HP: 35/64 MP: 7/7
  4920 | D:5      | Reached skill level 11 in Unarmed Combat
  5043 | D:5      | Noticed Blork the orc
  5056 | D:5      | Killed Blork the orc
  5163 | D:5      | Noticed lolicon's ghost (novice OpIE)
  5178 | D:5      | Killed lolicon's ghost
  5178 | D:5      | Reached skill level 12 in Unarmed Combat
  5643 | D:6      | Found a glowing silver altar of Zin.
  5720 | D:6      | Got twisted fire dragon scales
  5731 | D:6      | Identified the +5 fire dragon scales of Jejij {rF++ rC- Regen+ rCorr Slay-2} (You found it on level 6 of the Dungeon)
  5749 | D:6      | Noticed a troll
  5756 | D:6      | Killed a troll
  5756 | D:6      | Reached XP level 9. HP: 70/70 MP: 8/8
  5935 | D:6      | Reached skill level 13 in Unarmed Combat
  6306 | D:7      | Noticed Joseph
  6324 | D:7      | Killed Joseph
  6536 | D:7      | Reached skill level 14 in Unarmed Combat
  6641 | D:7      | Found a sand-covered staircase.
  6689 | Ossuary  | Entered an ossuary
  7119 | D:7      | Found a staircase to the Ecumenical Temple.
  7126 | Temple   | Entered the Ecumenical Temple
  7346 | Temple   | Became a worshipper of Makhleb the Destroyer
  7346 | Temple   | Reached * piety under Makhleb
  7346 | Temple   | Reached ** piety under Makhleb
  7502 | D:7      | Found an ancient bone altar of Kikubaaqudgha.
  7562 | D:7      | Found a deep blue altar of Sif Muna.
  7741 | D:8      | Noticed Grum
  7755 | D:8      | Reached skill level 15 in Unarmed Combat
  7872 | D:7      | Killed Grum
  7872 | D:7      | Reached XP level 10. HP: 34/79 MP: 9/9
  7973 | D:8      | Noticed Gastronok
  8001 | D:8      | Killed Gastronok
  8043 | D:8      | Noticed an oklob plant
  8077 | D:8      | Reached *** piety under Makhleb
  8121 | D:8      | Noticed Prince Ribbit
  8129 | D:8      | Killed Prince Ribbit
  8191 | D:8      | Reached skill level 10 in Fighting
  8228 | D:8      | Found a shadowy altar of Dithmenos.
  8228 | D:8      | Found a sparkling altar of Nemelex Xobeh.
  8295 | D:8      | Found a staircase to the Lair.
  8308 | D:8      | Noticed Erica
  8465 | D:8      | Noticed Maurice
  8496 | D:9      | Reached **** piety under Makhleb
  8656 | D:9      | Reached XP level 11. HP: 86/102 MP: 10/10
  8737 | D:9      | Found a shattered altar of Ashenzari.
  8738 | D:9      | Found an ornate altar of the Wu Jian Council.
  8744 | D:9      | You fall through a shaft for 3 floors!
  8793 | D:12     | Noticed a brown ugly thing
  9080 | D:11     | Noticed a white ugly thing
  9086 | D:11     | Killed a white ugly thing
  9212 | D:11     | Reached skill level 5 in Dodging
  9232 | D:10     | Entered Level 10 of the Dungeon
  9298 | D:10     | Reached ***** piety under Makhleb
  9336 | D:10     | Killed an unseen horror
  9567 | D:10     | HP: 1/104 [something (10)]
  9570 | D:10     | Killed an unseen horror
 10532 | D:10     | Found a staircase to the Orcish Mines.
 10651 | D:9      | Noticed a two-headed ogre
 10656 | D:9      | Killed a two-headed ogre
 10921 | D:9      | Noticed Erolcha
 10939 | D:9      | Reached skill level 10 in Dodging
 10949 | D:9      | Killed Erolcha
 11007 | D:9      | Noticed a fire dragon
 11024 | D:9      | Killed a fire dragon
 11024 | D:9      | Reached XP level 12. HP: 91/112 MP: 11/11
 11183 | D:9      | Identified a scroll of acquirement
 11192 | D:9      | Identified a +2 pair of boots of running (You acquired it on level 9 of the Dungeon)
 11223 | D:9      | Learned a level 1 spell: Beastly Appendage
 11255 | D:8      | Killed Maurice
 11515 | Lair:1   | Entered Level 1 of the Lair of Beasts
 11580 | Lair:1   | Noticed a seven-headed hydra
 11605 | Lair:1   | Killed a seven-headed hydra
 12357 | Lair:2   | Noticed a catoblepas
 12506 | Lair:2   | Killed a catoblepas
 12506 | Lair:2   | Reached skill level 16 in Unarmed Combat
 12741 | Lair:2   | Noticed a four-headed hydra
 12753 | Lair:2   | Killed a four-headed hydra
 13058 | Lair:3   | Found a staircase to the Swamp.
 13146 | Lair:3   | Noticed Infinimo's ghost (journeyman HOBe)
 13150 | Lair:3   | Noticed an eight-headed hydra
 13177 | Lair:3   | Killed Infinimo's ghost
 13179 | Lair:3   | Reached skill level 17 in Unarmed Combat
 13186 | Lair:3   | Killed an eight-headed hydra
 14180 | Lair:4   | Got a shimmering plate armour
 14199 | Lair:4   | Identified the cursed +1 plate armour of Winid {+Inv rF+ Dex+4} (You found it on level 4 of the Lair of Beasts)
 14385 | Lair:4   | Reached skill level 18 in Unarmed Combat
 14386 | Lair:4   | Found a staircase to the Snake Pit.
 14479 | Lair:4   | Reached ****** piety under Makhleb
 14646 | Lair:4   | Reached XP level 13. HP: 117/118 MP: 12/12
 15221 | Lair:5   | Noticed Kirke
 15246 | Lair:5   | Killed Kirke
 15474 | Lair:5   | Noticed Josephine
 15488 | Lair:5   | Killed Josephine
 15488 | Lair:5   | Reached skill level 19 in Unarmed Combat
 15506 | Lair:5   | Found a dark tunnel.
 15512 | Volcano  | Entered a volcano
 15547 | Volcano  | Noticed a red draconian
 15566 | Volcano  | Killed a red draconian
 15624 | Volcano  | Killed emsyzz's ghost
 16025 | Lair:5   | Found a staircase to the Slime Pits.
 16403 | Lair:6   | Entered Level 6 of the Lair of Beasts
 16564 | Lair:6   | Reached skill level 20 in Unarmed Combat
 16608 | Lair:6   | Reached skill level 1 in Evocations
 17273 | Lair:6   | Noticed a fire dragon
 17361 | Lair:6   | Killed a fire dragon
 17361 | Lair:6   | Reached skill level 5 in Evocations
 17705 | Lair:6   | Got a steaming scale mail
 17716 | Lair:6   | Identified the +5 scale mail of Unambiguity {rC+ Stlth+} (You found it on level 6 of the Lair of Beasts)
 17803 | Lair:5   | Reached XP level 14. HP: 126/126 MP: 17/17
 17952 | Orc:1    | Entered Level 1 of the Orcish Mines
 17967 | Orc:1    | Found a bloodstained altar of Trog.
 18106 | Orc:2    | Entered Level 2 of the Orcish Mines
 18116 | Orc:2    | Noticed Mulkerokala's ghost (journeyman BaCK)
 18143 | Orc:2    | Killed Mulkerokala's ghost
 18245 | Orc:2    | Found a staircase to the Elven Halls.
 18260 | Orc:2    | Reached skill level 1 in Transmutations
 18470 | Orc:2    | Paralysed by an orc sorcerer for 7 turns
 18482 | Orc:2    | Paralysed by an orc sorcerer for 4 turns
 19399 | Orc:2    | Reached skill level 5 in Transmutations
 19419 | Orc:2    | Found Qideinn's Gadget Boutique.
 19419 | Orc:2    | Found Congil's Distillery.
 19421 | Orc:2    | Found Awnetzok's Food Boutique.
 19421 | Orc:2    | Found Sucup Leotze's Armour Shoppe.
 19596 | Orc:2    | Noticed Snorg
 19604 | Orc:2    | Killed Snorg
 19614 | Orc:2    | Learned a level 5 spell: Blade Hands
 19973 | D:11     | Killed Erica
 20067 | D:11     | Got an ichor-stained scale mail
 20078 | D:11     | Identified the cursed +0 scale mail of Mopaxoh {Str+4 Int+5} (You found it on level 11 of the Dungeon)
 21445 | D:13     | Found a gate to the Vaults.
 21511 | D:13     | You fall through a shaft for 2 floors!
 21511 | D:15     | Entered Level 15 of the Dungeon
 21511 | D:15     | Found an ornate altar of the Wu Jian Council.
 21734 | D:14     | Reached XP level 15. HP: 132/132 MP: 18/18
 21759 | D:14     | Mangled by a large slime creature

Vault maps used:
D:1:      minmay_arrival_up_and_down, minmay_close_crescents
D:2:      gammafunk_temple_overflow_elements, first_bread,
          kennysheep_generic_room_6
D:3:      grunt_decor_cap, lemuel_another_geyser
D:4:      uniq_natasha, uniq_duvessa, uniq_crazy_yiuf_cottage
D:5:      uniq_blork_the_orc, uniq_edmund
D:6:      basic_altar
D:7:      kennysheep_mini_moat, kennysheep_vampire_church,
          minmay_temple_entry_fiery, nicolae_ossuary_entry_monument, uniq_joseph
D:8:      lemuel_slime, gammafunk_temple_overflow_wave, erik_lair_island,
          uniq_maurice, uniq_gastronok, uniq_prince_ribbit1, uniq_grum,
          uniq_erica
D:9:      dragon1_lemuel, nicolae_overflow_hidden_temple,
          hangedman_pestilent_swarm, kennysheep_decorative_pillar, uniq_erolcha
D:10:     david_orc_4
D:12:     minmay_misc_feat_five
D:13:     david_vaults_1, minmay_checkered_concentric_circles
D:14:     minivault_19
D:15:     grunt_enter_depths_snipers, basic_altar, minmay_misc_feat_pillars,
          fedhas_altar_4
Temple:   dpeg_chambers_temple
Lair:1:   small_statue_intersection, serial_bayou_shore_a
Lair:3:   swamp_mist_pool, grunt_megastairs_5
Lair:4:   minmay_snake_entry_guardpost_medium, bh_chokoban, lemuel_fruit_tree
Lair:5:   slime_dummy, enter_volcano_4, uniq_josephine, uniq_kirke
Lair:6:   guppyfry_lair_end_dragon
Orc:1:    serial_shops, bloody_trog
Orc:2:    grunt_orc_tribal_feast, uniq_snorg
Ossuary:  ossuary_zaba_two_paths
Volcano:  volcano_pools

Skill      XL: |  1  2  3  4  5  6  7  8  9 10 11 12 13 14 |
---------------+-------------------------------------------+-----
Unarmed Combat | 4 5 6 7 8 10 12 15 18 20 | 20.0
Fighting       | 4 11 12 | 12.0
Dodging        | 10 | 10.4
Evocations     | 5 6 |  6.4
Transmutations | 9 |  9.3
Stealth        | |  1.5

Action                   |  1- 3 |  4- 6 |  7- 9 | 10-12 | 13-15 || total
-------------------------+-------+-------+-------+-------+-------++-------
Melee: Unarmed           |    80 |   128 |   391 |   645 |   806 ||  2050
       Headbutt          |    16 |    26 |    64 |   102 |   161 ||   369
       Punch             |     1 |     5 |    19 |    41 |    83 ||   149
 Abil: Evoke Berserk Rag |       |     2 |     6 |    10 |    15 ||    33
  Use: Scroll            |       |     7 |    11 |    16 |     7 ||    41
       Potion            |       |     5 |       |     4 |     8 ||    17
 Stab: Sleeping          |     6 |     3 |     7 |     2 |       ||    18
       Distracted        |       |       |       |     1 |       ||     1
  Eat: Chunk             |     2 |     6 |    21 |    27 |    28 ||    84
       Fruit             |       |       |     1 |       |     2 ||     3
       Bread ration      |       |       |       |     1 |     1 ||     2
Armor: Robe              |     8 |    11 |     5 |       |       ||    24
       Leather armour    |       |       |     8 |       |       ||     8
       Troll leather arm |       |       |    57 |   150 |   152 ||   359
Dodge: Dodged            |    44 |    87 |   206 |   388 |   553 ||  1278
